 Dungeon Crawl Stone Soup version 0.30-a0-576-g89cddaab80 (webtiles) character file.

Game seed: 5128870195781187297

303 kae the Changer (level 6, -2/64 HPs)
             Began as a Demonspawn Transmuter on Dec 30, 2022.
             Slain by Pikel
             ... wielding a +1 whip of electrocution
              (17 damage)
             ... on level 4 of the Dungeon.
             The game lasted 00:03:25 (2837 turns).

kae the Changer (Demonspawn Transmuter)             Turns: 2837, Time: 00:03:26

Health: -2/64      AC: 23    Str: 10    XL:     6   Next: 15%
Magic:  1/10       EV:  2    Int: 16    God:
Gold:   160        SH:  0    Dex: 14    Spells: 1/11 levels left

rFire   . . .      SeeInvis .      - Unarmed
rCold   . . .      Faith    .    (no shield)
rNeg    . . .      Spirit   .    (body armour currently unavailable)
rPois   +          Reflect  .    (helmet currently unavailable)
rElec   .          Harm     .    (cloak currently unavailable)
rCorr   .          Rampage  .    (gloves currently unavailable)
Will    .....      NoTele   +    (boots currently unavailable)
Stlth   +                        (no amulet)
HPRegen 0.30/turn                (no ring)
MPRegen 0.12/turn                (no ring)

@: tree-form, wereblooded
A: stationary, stasis, torment immunity, boosted hp, (weakness stinger 1)
a: no special abilities


You were on level 4 of the Dungeon.
You were a tree.
You visited 1 branch of the dungeon, and saw 4 of its levels.

You collected 160 gold pieces.


Innate Abilities, Weirdness & Mutations

You are a tree.
Your roots penetrate the ground, keeping you stationary.
You cannot be teleported.
You are immune to unholy pain and torment.
Your maximum health is greatly increased.
Your equipment is partially melded.
((You have a small tail.))


   Skills:
 - Level 1.0 Fighting
 - Level 1.7 Dodging
 + Level 3.6 Unarmed Combat
 + Level 3.0 Spellcasting
 * Level 3.8 Transmutations
 * Level 0.3 Ice Magic
 - Level 2.7 Poison Magic


You had one spell level left.
You knew the following spells:

 Your Spells              Type           Power      Damage    Failure   Level
a - Beastly Appendage     Tmut           28%        N/A       3%          1
b - Wereblood             Tmut           14%        N/A       6%          2
c - Spider Form           Tmut/Pois      13%        N/A       14%         3
d - Ice Form              Ice/Tmut       9%         N/A       61%         4

Your spell library contained the following spells:

 Spells                   Type           Power      Damage    Failure   Level
 Slow                     Hex            8%         N/A       19%         1
 Confusing Touch          Hex            2%         N/A       50%         3
 Dazzling Flash           Conj/Hex       4%         N/A       50%         3
 Vampiric Draining        Necr           2%         2d6       50%         3
 Agony                    Necr           2%         N/A       99%         5
 Silence                  Hex/Air        1%         N/A       99%         5

Inventory:

Missiles
 f - 34 stones
 g - 3 poisoned darts
 j - 3 javelins
 l - 3 boomerangs
Armour
 a - a +1 robe (melded)
Scrolls
 d - a scroll of enchant weapon
 e - a scroll of enchant armour
Potions
 c - a potion of brilliance
 h - a potion of might {unknown}
 i - 2 potions of curing {@q1}
 k - a potion of attraction {!q}
 m - a potion of ambrosia {unknown}
 n - 2 potions of flight {unknown}

Dungeon Overview and Level Annotations

Branches:
Dungeon (4/15) Zot: 21169
 Temple: D:4-7

Altars:
Kikubaaqudgha
Yredelemnul

Portals:
Sewer: D:4

Annotations:
D:3 1 runed translucent door, DEFE's ghost, weakling DsWn
D:4 Dowan; Duvessa; Pikel

#.# #.#.# ### #.#<# ...
..# #.#.# #.# #.# #.#.#
#.# #.# ##.#.# #.# #.#
##..#.# #.# #♣###...#.#
#..
#.#####K##......######..
#.....SBB..P.P..........
#....S55...._..#####.#).
#.##..###..P.P.# #.#..
).... #......# #.#..
......e #.###..#####.#..
.~~~... #.# .........#..
~~~~~.. .....#######....


You could see Pikel (extremely poisoned), 2 lemures, Dowan, 2 giant cockroaches
and 2 ball pythons.


Message History

Found a stone staircase leading down.
Your transformation is almost over.
A ball python comes into view.
The ball python hisses angrily.
You hear a shout!
Casting: Beastly Appendage (safe; 3% risk of failure)
Confirm with . or Enter, or press ? or * to list all spells.
You miscast Spider Form.
You are very lightly contaminated with residual magic.
Nothing appears to happen. 😎 MP[-3]
You lost 3 mp, and now have 7/10 mp.
Casting: Spider Form (dangerous; 14% risk of failure)
Confirm with . or Enter, or press ? or * to list all spells.
You miscast Spider Form.
Nothing appears to happen. 😎 MP[-3]
You lost 3 mp, and now have 4/10 mp.
Casting: Spider Form (dangerous; 14% risk of failure)
Confirm with . or Enter, or press ? or * to list all spells.
Your horns disappear.
Your talons disappear.
You turn into a venomous arachnid creature.
Your +1 robe melds into your body.
A giant cockroach comes into view.
You hear the slow rusting of a drain.
Pikel, Merchant of Souls comes into view.
He is wielding a +1 whip of electrocution and wearing a +0 robe of willpower.
The ball python closely misses you. x2 😎 MP[-3]
You lost 3 mp, and now have 1/10 mp.
You hit the ball python. The ball python misses you. x2
You hit the ball python.
You kill the ball python!
The giant cockroach waves its antennae.
A giant cockroach and a ball python come into view.
Found a glowing drain.
A lemure comes into view. x2
You see here a ball python corpse.
The ball python hisses angrily.
You hear a shout! x2; You hear an angry hiss.
There is a stone staircase leading down here. 😎 MP[+1]
You barely miss Pikel. Pikel closely misses you.
A lemure comes into view.
The lemure shouts!
You hit Pikel.
Pikel is poisoned.
Your transformation is almost over.
You hear a shout!
A lemure comes into view.
Pikel says, "I just want to get paid!"
Pikel misses you.
Duvessa, Sister of Dowan comes into view.
She is wielding a +0 short sword.
The lemure shouts!
You hit Pikel. Pikel barely misses you.
You hit Pikel but do no damage.
Pikel looks as sick as possible!
Pikel completely misses you.
You hit Pikel.
Pikel looks as sick as possible!
Pikel drinks a potion.
Pikel is healed! 😎 MP[+1] Dowan shouts!
You hit Pikel but do no damage.
Pikel looks as sick as possible!
Pikel hits you with a +1 whip of electrocution!
Your magical contamination has completely faded away. 😕 HP[-9]
You take 9 damage, and now have 34/43 hp.
MASSIVE DAMAGE!! (PAUSE)
You completely miss Pikel.
Dowan mumbles some strange words.
Dowan blinks!
Pikel closely misses you.
You hit Pikel.
Pikel looks as sick as possible!
Pikel hits you with a +1 whip of electrocution!
You are electrocuted!
* * * LOW HITPOINT WARNING * * *
A ball python comes into view. 😱 HP[-25]
You take 25 damage, and now have 9/43 hp.
MASSIVE DAMAGE!! (PAUSE)
The ball python hisses angrily.
You bite Pikel!
Pikel looks as sick as possible!
Pikel misses you. 😱 HP[+1] It was a potion of curing.
You feel better.
Pikel hits you with a +1 whip of electrocution.
* * * LOW HITPOINT WARNING * * *
😨 HP[+2]
You regained 2 hp, and now have 12/43 hp.
Really quaff
b - a potion of lignification {!q}?
Really quaff the potion of lignification?
Your transformation has ended.
Your +1 robe unmelds from your body.
You turn into a tree.
Your +1 robe melds into your body.
Your roots penetrate the ground.
Pikel says, "Hell isn't that bad."
Pikel hits you with a +1 whip of electrocution.
* * * LOW HITPOINT WARNING * * *
😱 HP[+3]
You now have 64 max hp (+21).
You regained 3 hp, and now have 15/64 hp.
Casting: Spider Form (dangerous; 14% risk of failure)
Confirm with . or Enter, or press ? or * to list all spells.
Your blood is infused with primal strength.
Pikel hits you but does no damage.
You are electrocuted!
You die...

Skill      XL: |  1  2  3  4  5 |
---------------+----------------+-----
Transmutations | 2 3 |  3.8
Unarmed Combat | 3 |  3.6
Poison Magic   | 2 |  2.7
Spellcasting   | 3 |  3.0
Fighting       | |  1.0
Dodging        | |  1.7
Ice Magic      | |  0.3

Action                   |  1- 3 |  4- 6 || total
-------------------------+-------+-------++-------
Melee: Unarmed           |   108 |    58 ||   166
       Headbutt          |     8 |     2 ||    10
       Kick              |    19 |     1 ||    20
       Tailslap          |     9 |       ||     9
 Cast: Beastly Appendage |    26 |     4 ||    30
       Spider Form       |     1 |     8 ||     9
       Wereblood         |       |     1 ||     1
  Use: Scroll            |     6 |     8 ||    14
       Potion            |       |     2 ||     2
 Stab: Sleeping          |     3 |       ||     3
Armor: Robe              |    16 |     1 ||    17
       Skin              |     2 |     3 ||     5
Dodge: Dodged            |    76 |    42 ||   118

Levels and vault maps discovered:
D:1:      giann_bridges, layout_basic, minmay_rat_gold_closets
D:2:      layout_basic, basic_altar, uniq_sigmund
D:3:      layout_loops_ring, gammafunk_ghost_grave, eino_curves_02
D:4:      layout_loops_ring, yredelemnul_altar_generic, portal_sewer_entry_a,
          minmay_increasing_density, uniq_duvessa, uniq_pikel

Notes
Turn   | Place    | Note
-------+----------+-------------------------------------------
     0 | D:1      | kae the Demonspawn Transmuter began the quest for the Orb.
     0 | D:1      | Reached XP level 1. HP: 15/15 MP: 3/3
     0 | D:1      | magus.rc [v1.11.3]
    76 | D:1      | Reached skill level 2 in Transmutations
   114 | D:1      | Gained mutation: You have a small tail. [demonic ancestry]
   114 | D:1      | Reached XP level 2. HP: 21/21 MP: 5/5
   231 | D:1      | You pick up a book of Debilitation and begin reading...
   231 | D:1      | You add the spells Slow, Vampiric Draining and Confusing
                  | Touch to your library.
   235 | D:1      | Learned a level 2 spell: Wereblood
   477 | D:1      | Reached skill level 3 in Unarmed Combat
   718 | D:2      | Reached XP level 3. HP: 26/26 MP: 4/6
   722 | D:2      | Learned a level 3 spell: Spider Form
   999 | D:2      | Noticed Sigmund
  1088 | D:2      | Reached skill level 1 in Poison Magic
  1235 | D:2      | Found an ancient bone altar of Kikubaaqudgha.
  1563 | D:2      | Killed Sigmund
  1564 | D:2      | Reached skill level 3 in Transmutations
  1564 | D:2      | Reached skill level 2 in Poison Magic
  1564 | D:2      | Reached XP level 4. HP: 21/32 MP: 4/8
  1564 | D:2      | Reached XP level 5. HP: 24/37 MP: 4/9
  1622 | D:2      | You pick up a book of the Senses and begin reading...
  1622 | D:2      | You add the spells Dazzling Flash, Agony and Silence to
                  | your library.
  1809 | D:3      | Reached skill level 3 in Spellcasting
  1899 | D:3      | Reached XP level 6. HP: 38/43 MP: 8/10
  1904 | D:3      | Learned a level 4 spell: Ice Form
  1935 | D:3      | Identified the +1 chain mail of Follow the Leader {Str+3
                  | Int+8}
  2353 | D:3      | Found a runed translucent door.
  2353 | D:3      | Noticed DEFE's ghost (weakling DsWn)
  2727 | D:4      | Noticed Dowan
  2797 | D:4      | Found a basalt altar of Yredelemnul.
  2817 | D:4      | Noticed Pikel
  2820 | D:4      | Found a glowing drain.
  2827 | D:4      | Noticed Duvessa
  2830 | D:4      | Identified the +5 war axe of Zemintaw {antimagic, Int+2}
  2833 | D:4      | HP: 9/43 [Pikel/+1 whip of electrocution (15)]
  2837 | D:4      | Slain by Pikel

Vanquished Creatures
  Sigmund (D:2)
  An orc wizard (D:3)
  5 adders
  A worm (D:2)
  A dart slug (D:2)
  3 orcs (D:3)
  4 ball pythons
  4 endoplasms
  3 giant cockroaches
  5 goblins
  2 hobgoblins
  3 jackals (D:3)
  5 kobolds
  3 quokkas
  3 bats
  6 frilled lizards
  11 rats
61 creatures vanquished.

Vanquished Creatures (others)
  2 withered plants (D:3)
2 creatures vanquished.

Grand Total: 63 creatures vanquished

Table legend:
 A = Non-vault XP
 B = Vault XP
 C = Vault XP percentage of total XP
 D = Non-vault monster count
 E = Vault monster count
 F = Vault count percentage of total count
                 A         B        C        D         E       F
            +---------+---------+-------+---------+---------+-------
      Total |     183 |     250 |  57.7 |      49 |      12 |  19.7
            +---------+---------+-------+---------+---------+-------
        D:1 |      26 |       9 |  25.7 |      14 |       9 |  39.1
        D:2 |      57 |     239 |  80.7 |      19 |       1 |   5.0
        D:3 |      98 |       0 |   0.0 |      15 |       0 |   0.0
        D:4 |       2 |       2 |  50.0 |       1 |       2 |  66.7
            +---------+---------+-------+---------+---------+-------

Illustrated notes

Table legend:
 A = Kills in this place as a percentage of kills in entire the game.
 B = Kills by you in this place as a percentage of kills by you in the entire game.
 C = Kills by friends in this place as a percentage of kills by friends in the entire game.
 D = Other kills in this place as a percentage of other kills in the entire game.
 E = Experience gained in this place as a percentage of experience gained in the entire game.
 F = Experience gained in this place divided by the number of levels of this place that you have seen.
                   A       B       C       D       E      F
               +-------+-------+-------+-------+-------+----------------------
         Total | 100.0 | 100.0 |   N/A |   N/A | 100.0 | 108.2
       Dungeon | 100.0 | 100.0 |   N/A |   N/A | 100.0 | 108.2
               +-------+-------+-------+-------+-------+----------------------

Table legend: (Time is in decaauts)
 A = Elapsed time spent in this place.
 B = Non-inter-level travel time spent in this place.
 C = Inter-level travel time spent in this place.
 D = Time resting spent in this place.
 E = Time spent auto-exploring this place.
 F = Levels seen in this place.
 G = Mean time per level.
                   A        B        C        D        E       F      G
               +--------+--------+--------+--------+--------+-----+--------+
         Total |   2830 |   2729 |    101 |    100 |   2084 |   4 |  707.5 |
       Dungeon |   2830 |   2729 |    101 |    100 |   2084 |   4 |  707.5 |
               +--------+--------+--------+--------+--------+-----+--------+

Top non-repeatable levels by time:
     D:3: 1098 daAuts
     D:2: 1058 daAuts
     D:1: 579 daAuts
     D:4: 94 daAuts
